 Dungeon Crawl Stone Soup version 0.28-a0-577-gb193047a1f (webtiles) character file.

Game seed: 16255032966721779130

58 iamoutofideas the Chopper (level 4, 0/37 HPs)
             Began as a Hill Orc Gladiator on Oct 1, 2021.
             Succumbed to a goblin's poison
             ... on level 1 of the Dungeon.
             The game lasted 00:01:23 (1354 turns).

iamoutofideas the Chopper (Hill Orc Gladiator)      Turns: 1354, Time: 00:01:24

Health: 0/37       AC:  4    Str: 17    XL:     4   Next: 2%
Magic:  4/4        EV: 12    Int:  8    God:
Gold:   36         SH:  0    Dex: 12    Spells: 3/3 levels left

rFire   . . .      SeeInvis .   a - +0 war axe
rCold   . . .      Faith    .   (no shield)
rNeg    . . .      Spirit   .   b - +0 leather armour
rPois   .          Reflect  .   c - +0 helmet
rElec   .          Harm     .   (no cloak)
rCorr   .          Rampage  .   (no gloves)
Will    .....                   (no boots)
Stlth   +.........              (no amulet)
HPRegen 0.12/turn               (no ring)
MPRegen 0.09/turn               (no ring)

@: lethally poisoned (0 -> -6)
A: no striking features
a: no special abilities


You were on level 1 of the Dungeon.
You visited 1 branch of the dungeon, and saw 2 of its levels.

You collected 36 gold pieces.

Inventory:

Hand Weapons
 a - a +0 war axe (weapon)
Missiles
 d - 3 throwing nets (quivered)
Armour
 b - a +0 leather armour (worn)
 c - a +0 helmet (worn)
Scrolls
 e - a scroll of identify {unknown}
 f - a scroll of fog {unknown}
 h - a scroll of magic mapping {unknown}


   Skills:
 - Level 2.4 Fighting
 + Level 6.3 Axes
 - Level 1.7 Throwing
 - Level 2.4 Dodging


You had 3 spell levels left.
You didn't know any spells.
Your spell library contained the following spells:

 Spells                   Type           Power      Damage    Failure   Level
 Magic Dart               Conj           0%         1d3       47%         1
 Call Imp                 Summ           0%         N/A       63%         2
 Mephitic Cloud           Conj/Pois/Air  0%         N/A       85%         3


Dungeon Overview and Level Annotations

Branches:
Dungeon (2/15)

Altars:

Annotations:
D:2 Robin


Message History

HP restored.
You climb downwards.
Level annotation: Robin The goblin barely misses you.
Robin roars a battlecry!
The goblin goes into a battle-frenzy!
There is a stone staircase leading up here.
You hit the goblin but do no damage.
The goblin hits you with a +2 dagger of venom!
You are poisoned.
The goblin hits you with a +2 dagger of venom.
Robin roars a battlecry!
You hear a shout!
You closely miss the adder. You barely miss the goblin.
You feel very sick. The adder bites you but does no damage.
The goblin hits you with a +2 dagger of venom.
The adder bites you.
Unknown command.
* * * LOW HITPOINT WARNING * * *
You feel very sick. The goblin closely misses you. The adder bites you.
* * * LOW HITPOINT WARNING * * *
Robin throws the goblin at you!
* * * LOW HITPOINT WARNING * * *
You climb upwards.
* * * LOW HITPOINT WARNING * * *
You feel very sick.
There is a stone staircase leading down here.
It was a potion of curing.
You feel better. The adder bites you.
* * * LOW HITPOINT WARNING * * *
The goblin hits you with a +2 dagger of venom.
* * * LOW HITPOINT WARNING * * *
You are lethally poisoned!
* * * LOW HITPOINT WARNING * * *
You feel very sick.
You see here a +0 club.
* * * LOW HITPOINT WARNING * * *
You feel sick. The adder misses you.
You die...

##.# ##...............)##....>..
##.####..........................
.................................
##.####..........................
.............................(...
##...##.....................#.###
##.......>..................#.#
#..........................#.#
#.........>....@.............#
#.....###....g..###......#####
#...#.##...).S..#)#.#..###
##...#......)>..)###.#...#
#...........†)..)......#.#
.................#.##..#.#
################...#...#.# ##.###
#......##.# #.)..# #......##.#


You could see an adder and a goblin (strong).

Vanquished Creatures
  A gnoll (D:1)
  3 endoplasms (D:1)
  A giant cockroach (D:1)
  8 goblins (D:1)
  9 hobgoblins (D:1)
  4 jackals (D:1)
  5 ball pythons (D:1)
  2 bats (D:1)
  2 frilled lizards (D:1)
  4 kobolds (D:1)
  3 rats (D:1)
42 creatures vanquished.

Notes
Turn   | Place    | Note
-------+----------+-------------------------------------------
     0 | D:1      | iamoutofideas the Hill Orc Gladiator began the quest for
                  | the Orb.
     0 | D:1      | Reached XP level 1. HP: 18/18 MP: 1/1
   156 | D:1      | Found a faded altar of an unknown god.
   209 | D:1      | Reached XP level 2. HP: 21/25 MP: 2/2
   226 | D:1      | Reached skill level 5 in Axes
   335 | D:1      | Reached XP level 3. HP: 21/30 MP: 3/3
   755 | D:1      | Reached skill level 6 in Axes
   921 | D:2      | Noticed Robin
  1219 | D:1      | Reached XP level 4. HP: 26/37 MP: 4/4
  1353 | D:1      | HP: 1/37 [poisoned by a goblin]
  1354 | D:1      | Succumbed to a goblin's poison

Illustrated notes

Levels and vault maps discovered:
D:1:      dpeg_cavernosity, layout_rooms, ebering_ecumenical_altar_petrified,
          item_on_display_a
D:2:      layout_basic, serial_rivers, chequers_serial_rivers_micro_c,
          chequers_serial_rivers_micro_e, chequers_serial_rivers_micro_e,
          chequers_serial_rivers_micro_a, hex_tiny, uniq_robin

Skill      XL: |  1  2  3 |
---------------+----------+-----
Axes           | 5 6 |  6.3
Fighting       | |  2.4
Throwing       | |  1.7
Dodging        | |  2.4

Action                   |  1- 3 |  4- 6 || total
-------------------------+-------+-------++-------
Melee: War axe           |    86 |     6 ||    92
  Use: Potion            |       |     1 ||     1
 Stab: Sleeping          |     1 |       ||     1
Armor: Leather armour    |    38 |     1 ||    39
Dodge: Dodged            |    70 |     5 ||    75

Table legend: (Time is in decaauts)
 A = Elapsed time spent in this place.
 B = Non-inter-level travel time spent in this place.
 C = Inter-level travel time spent in this place.
 D = Time resting spent in this place.
 E = Time spent auto-exploring this place.
 F = Levels seen in this place.
 G = Mean time per level.
                   A        B        C        D        E       F      G
               +--------+--------+--------+--------+--------+-----+--------+
         Total |   1379 |   1347 |     32 |    435 |    675 |   2 |  689.5 |
       Dungeon |   1379 |   1347 |     32 |    435 |    675 |   2 |  689.5 |
               +--------+--------+--------+--------+--------+-----+--------+

Top non-repeatable levels by time:
     D:1: 1363 daAuts
     D:2: 16 daAuts
